 Dungeon Crawl Stone Soup version 0.29.1-2-gbd0b4ee654 (webtiles) character file.

Game seed: 11473126479896145377

980 hawla the Chiller (level 8, -4/59 HPs)
             Began as a Meteoran Ice Elementalist on Dec 1, 2022.
             Slain by an orc
             ... wielding a +1 long sword of venom
              (9 damage)
             ... on level 5 of the Dungeon.
             The game lasted 00:12:00 (1051 turns).

hawla the Chiller (Meteoran Ice Elementalist)       Turns: 1051, Time: 00:12:01

Health: -4/59      AC:  3    Str: 11    XL:     8   Next: 67%
Magic:  1/17       EV: 13    Int: 18    God:
Gold:   159        SH:  0    Dex: 14    Spells: 10/18 levels left

rFire   . . .      SeeInvis .   h - +4 falchion
rCold   . . .      Faith    .   (no shield)
rNeg    . . .      Spirit   .   a - +1 robe
rPois   .          Reflect  .   (no helmet)
rElec   .          Harm     .   (no cloak)
rCorr   .          Rampage  .   (no gloves)
Will    +....                   (no boots)
Stlth   +.........              (no amulet)
HPRegen 0.19/turn               (no ring)
MPRegen 0.15/turn               (no ring)

@: lethally poisoned (-4 -> -21), about to teleport, glowing
A: sense surroundings 1, otherworldly, glowing, explore regen
a: no special abilities


You were on level 5 of the Dungeon.
You visited 1 branch of the dungeon, and saw 5 of its levels.

You collected 159 gold pieces.

Inventory:

Hand Weapons
 h - a +4 falchion (weapon)
Armour
 a - a +1 robe (worn)
Wands
 c - a wand of paralysis (24) (quivered)
 f - a wand of mindburst (5)
Potions
 b - a potion of magic
 e - 3 potions of degeneration


   Skills:
 + Level 1.3 Fighting
 + Level 2.9 Dodging
 - Level 1.4 Stealth
 + Level 5.9 Spellcasting
 + Level 6.6 Conjurations
 + Level 7.1 Ice Magic
 + Level 1.0 Evocations


You had 10 spell levels left.
You knew the following spells:

 Your Spells              Type           Power      Damage    Failure   Level
a - Freeze                Ice            100%       1d11      1%          1
b - Frozen Ramparts       Ice            62%        1d10      1%          3
c - Hailstorm             Conj/Ice       30%        3d8       7%          4

Your spell library contained the following spells:

 Spells                   Type           Power      Damage    Failure   Level
 Ozocubu's Armour         Ice            31%        N/A       1%          3
 Portal Projectile        Hex/Tloc       10%        N/A       36%         3
 Tukima's Dance           Hex            5%         N/A       36%         3
 Blade Hands              Tmut           2%         N/A       98%         5
 Ozocubu's Refrigeration  Ice            15%        4d10      99%         7


Dungeon Overview and Level Annotations

Branches:
Dungeon (5/15) Zot: 1948
 Temple: D:4-7

Altars:

Shops:
D:4 *[   D:5 (

Annotations:
D:4 3 runed translucent doors, goodies, elongatedgoose's ghost, amateur GnAM


Innate Abilities, Weirdness & Mutations

You passively map a small area around you.
You are easily found by Zot.
You glow in the dark.
You regain HP and MP as you explore.


Message History

Reactivating autopickup.
You feel a bit more experienced.
The orc hits you with a +1 long sword of venom.
You are poisoned.
Casting: Freeze (safe; 1% risk of failure)
Confirm with . or Enter, or press ? or * to list all spells.
Casting: Hailstorm (dangerous; 7% risk of failure)
Press: ? - help, Dir - look around, f - activate A cannonade of hail descends around you!
The hail pelts the adder!
You kill the adder!
You feel sick. The orc misses you.
A necrophage comes into view.
Casting: Hailstorm (dangerous; 7% risk of failure)
Confirm with . or Enter, or press ? or * to list all spells.
Aiming: Freeze (safe; 1% risk of failure)
Press: ? - help, Shift-Dir - straight line, f - orc
Aim: an orc, wielding a +1 long sword of venom and wearing a +0 scale mail You freeze the orc.
The orc is heavily wounded.
You feel sick.
The orc hits you with a +1 long sword of venom!
* * * LOW HITPOINT WARNING * * *
You are lethally poisoned!
Okay, then.
Okay, then.
As you read the scroll labelled YMOTANEDIG, it crumbles to dust.
You feel strangely unstable.
It was a scroll of teleportation.
* * * LOW HITPOINT WARNING * * *
You feel very sick.
The orc hits you with a +1 long sword of venom.
* * * LOW HITPOINT WARNING * * *
You are more poisoned.
As you read the scroll labelled UREL BUCLU, it crumbles to dust.
It is a scroll of identify.
You don't have any unidentified items.
* * * LOW HITPOINT WARNING * * *
You feel very sick.
The orc hits you with a +1 long sword of venom!
You die...

#............#####.##..##.#..##
#.........<.[....#............
##...............#..#.....#....
###..#.............###..#####.
#..##.........#....##... , #
#....$..##............., ,#
......#....#......... ...
.[..................... ...
.###.......@$.....#.... ... *
......[$o.....##..., ...
...........###.... ...
.....).....# ..# ,, ..
............. ## , .
..n......###.. , [.......##
#.#* >, , ......... .# * * , *


You could see a necrophage and an orc.

Vanquished Creatures
  Prince Ribbit (D:5)
  Edmund (D:5)
  A black bear (D:5)
  An ice beast (D:5)
  An ogre (D:4)
  A necrophage (D:5)
  A howler monkey (D:5)
  3 hounds (D:4)
  An orc priest (D:5)
  2 orc wizards (D:5)
  6 gnolls (D:4)
  2 adders
  A worm (D:3)
  8 orcs
  A ball python (D:3)
  2 bats (D:1)
  4 endoplasms
  A giant cockroach (D:1)
  3 goblins
  4 hobgoblins
  3 jackals (D:1)
  A quokka (D:4)
  3 training dummies (D:5)
  5 kobolds
  A rat (D:1)
58 creatures vanquished.

Notes
Turn   | Place    | Note
-------+----------+-------------------------------------------
     0 | D:1      | hawla the Meteoran Ice Elementalist began the quest for the
                  | Orb.
     0 | D:1      | Reached XP level 1. HP: 14/14 MP: 5/5
    50 | D:1      | Reached XP level 2. HP: 12/20 MP: 0/6
   121 | D:1      | Reached skill level 5 in Ice Magic
   145 | D:1      | Reached XP level 3. HP: 24/26 MP: 5/8
   149 | D:1      | Learned a level 3 spell: Frozen Ramparts
   158 | D:2      | You fall into a shaft and drop 1 floor!
   260 | D:4      | Reached XP level 4. HP: 30/33 MP: 0/10
   366 | D:4      | Reached XP level 5. HP: 38/39 MP: 6/12
   371 | D:4      | Learned a level 4 spell: Hailstorm
   388 | D:4      | Found Voappok's General Store.
   425 | D:4      | Reached skill level 6 in Ice Magic
   437 | D:4      | Reached skill level 1 in Conjurations
   496 | D:4      | Reached XP level 6. HP: 36/46 MP: 4/13
   533 | D:4      | Found Iguafu's Antique Armour Shoppe.
   583 | D:4      | Noticed an ogre
   597 | D:4      | Killed an ogre
   610 | D:4      | Found a runed translucent gate.
   610 | D:4      | Found a runed translucent gate.
   610 | D:4      | Found a runed translucent gate.
   621 | D:4      | Noticed elongatedgoose's ghost (amateur GnAM)
   816 | D:5      | Entered Level 5 of the Dungeon
   842 | D:5      | Noticed Edmund
   851 | D:5      | Killed Edmund
   852 | D:5      | Reached skill level 5 in Conjurations
   852 | D:5      | Reached XP level 7. HP: 30/51 MP: 3/14
   893 | D:5      | Reached XP level 8. HP: 58/58 MP: 7/16
   893 | D:5      | Found Dynyask's Firing Range.
   923 | D:5      | Reached skill level 1 in Fighting
   923 | D:5      | Reached skill level 5 in Spellcasting
   945 | D:5      | Noticed Prince Ribbit
   974 | D:5      | Killed Prince Ribbit
   975 | D:5      | Reached skill level 7 in Ice Magic
   975 | D:5      | Reached skill level 1 in Evocations
  1051 | D:5      | Slain by an orc

Illustrated notes

Levels and vault maps discovered:
D:1:      roderic_crossed_star, layout_loops_ring, serial_shops,
          nicolae_square_shop, shapermc_ecumenical_altar_totnotflames
D:2:      minmay_chambers_of_ones, layout_rooms
D:3:      layout_basic, serial_shops, nicolae_shop_overgrown_old_shop,
          chequers_serial_rivers_micro_c
D:4:      layout_cave_pools, serial_shops, shop, shop,
          biasface_ghost_orc_armoury
D:5:      layout_cave_pools, nicolae_shop_firing_range, uniq_prince_ribbit1,
          uniq_edmund

Skill      XL: |  1  2  3  4  5  6  7  8 |
---------------+-------------------------+-----
Ice Magic      | 5 6 7 |  7.1
Spellcasting   | 3 4 5 |  5.9
Conjurations   | 2 5 6 |  6.6
Fighting       | 1 |  1.3
Evocations     | 1 |  1.0
Dodging        | |  2.9
Stealth        | |  1.4

Action                   |  1- 3 |  4- 6 |  7- 9 || total
-------------------------+-------+-------+-------++-------
Melee: Unarmed           |     2 |     5 |     5 ||    12
       Falchion          |       |       |     1 ||     1
 Cast: Freeze            |    33 |    18 |    12 ||    63
       Frozen Ramparts   |     4 |     9 |     4 ||    17
       Hailstorm         |       |     3 |    10 ||    13
Evoke: Wand              |       |     1 |     5 ||     6
  Use: Scroll            |     1 |     3 |     2 ||     6
       Potion            |       |     2 |       ||     2
Armor: Robe              |     7 |     4 |     2 ||    13
Dodge: Dodged            |    10 |    23 |     5 ||    38
